 Dungeon Crawl Stone Soup version 0.24.0-1-gfbc8707 (webtiles) character file.

Game seed: 1290579400848158948, levelgen mode: deterministic

165443 Illumine the Pandemonic (level 16, -15/135 HPs)
             Began as a Deep Dwarf Fighter on Nov 1, 2019.
             Was a High Priest of Makhleb.
             Demolished by an acid blob (26 damage)
             ... on level 2 of the Pits of Slime on Nov 2, 2019.
             The game lasted 00:39:51 (15066 turns).

Illumine the Pandemonic (Deep Dwarf Fighter)       Turns: 15066, Time: 00:39:52

Health: -15/135    AC:  7    Str: 32    XL:     16   Next: 69%
Magic:  16/16 (7)  EV: 15    Int: 10    God:    Makhleb [*****.]
Gold:   292        SH: 25    Dex: 16    Spells: 15/15 levels left

rFire    + + .     SeeInvis +   g - +10 war axe of Dishonesty {distort, rPois rF+ Int+2}
rCold    . . .     Gourm    .   b - +3 large shield
rNeg     + . .     Faith    .   K - +1 chain mail "Qaekko" {-Cast +Inv rF+ MR+ Dex+2}
rPois    +         Spirit   .   j - +1 helmet {SInv}
rElec    +         Reflect  .   p - +1 cloak "Ladghum" {MP+9 Str+8 Int-4 Stlth+}
rCorr    +         Harm     .   m - +1 pair of gloves
MR       +++..     NoCast   +   k - +0 pair of boots
Stlth    ..........             (no amulet)
HPRegen  0.00/turn              J - ring of resist corrosion
MPRegen  0.15/turn              U - ring of Abstinence {Wiz rElec Int+2 Slay+2 Stlth+}

@: corroded, non-regenerating
A: damage resistance, heal wounds, frail 1, negative energy resistance 1, sense
surroundings 2, screaming 2, no regeneration
}: 2/15 runes: serpentine, barnacled
a: Heal Wounds, Minor Destruction, Lesser Servant of Makhleb, Major Destruction,
Greater Servant of Makhleb, Renounce Religion, Evoke Invisibility


You were on level 2 of the Pits of Slime.
You worshipped Makhleb.
Makhleb was extremely pleased with you.
You were hungry.

You visited 6 branches of the dungeon, and saw 28 of its levels.
You also visited: Gauntlet.

You collected 1506 gold pieces.
You spent 1214 gold pieces at shops.

Inventory:

Hand Weapons
 g - the +10 war axe of Dishonesty (weapon) {distort, rPois rF+ Int+2}
   (You bought it in a shop on level 4 of the Snake Pit)

   It warps and distorts space around it.
   Unwielding it can cause banishment or high damage.
   It affects your intelligence (+2).
   It protects you from fire.
   It protects you from poison.
 r - a +6 flail of electrocution
Armour
 b - a +3 large shield (worn)
 j - a +1 helmet of see invisible (worn)
 k - a +0 pair of boots (worn)
 m - a +1 pair of gloves (worn)
 p - the +1 cloak "Ladghum" (worn) {MP+9 Str+8 Int-4 Stlth+}
   (You found it on level 5 of the Dungeon)

   It affects your strength (+8).
   It affects your intelligence (-4).
   It affects your magic capacity (+9).
   It makes you more stealthy.
 K - the +1 chain mail "Qaekko" (worn) {-Cast +Inv rF+ MR+ Dex+2}
   (You acquired it on level 3 of the Shoals)

   It affects your dexterity (+2).
   It protects you from fire.
   It affects your resistance to hostile enchantments.
   It lets you turn invisible.
   It prevents spellcasting.
 M - the +3 scale mail of Panentheism {+Blink rPois rN++ Dex-4}
   (You found it on level 2 of the Lair of Beasts)

   It affects your dexterity (-4).
   It protects you from poison.
   It greatly protects you from negative energy.
   It lets you blink.
Jewellery
 a - an uncursed ring of teleportation
 s - the amulet "Giddai" {Faith *Contam rC+ Int+6 Stlth+}
   (You acquired it on level 2 of the Lair of Beasts)

   [amulet of faith]

   It allows you to gain divine favour quickly.
   It affects your intelligence (+6).
   It protects you from cold.
   It causes magical contamination when unequipped.
   It makes you more stealthy.
 t - a +3 ring of strength
 w - an uncursed ring of ice
 J - a ring of resist corrosion (left hand)
 L - an uncursed ring of protection from fire
 U - the ring of Abstinence (right hand) {Wiz rElec Int+2 Slay+2 Stlth+}
   (You found it in a Gauntlet)

   [ring of wizardry]

   It improves your spell success rate.
   It affects your intelligence (+2).
   It affects your accuracy and damage with ranged weapons and melee attacks
   (+2).
   It insulates you from electricity.
   It makes you more stealthy.
 V - the ring "Potizxea" {rElec rN++ EV+3}
   (You found it in a Gauntlet)

   [ring of evasion]

   It affects your evasion (+3).
   It insulates you from electricity.
   It greatly protects you from negative energy.
Wands
 d - a wand of paralysis (10)
 i - a wand of enslavement (3)
 v - a wand of clouds (3)
 y - a wand of iceblast (30)
 C - a wand of digging (7)
 F - a wand of acid (17)
 O - a wand of disintegration (16)
 X - a wand of flame (18)
Scrolls
 e - 5 scrolls of remove curse
 l - 2 scrolls of amnesia
 z - 3 scrolls of fog
 B - 3 scrolls of fear
 D - a scroll of immolation
 H - 3 scrolls of blinking
 R - a scroll of torment {unknown}
 Y - a scroll of vulnerability {unknown}
 Z - 3 scrolls of teleportation {unknown}
Potions
 c - a potion of haste
 h - 5 potions of curing
 o - a potion of agility {unknown}
 q - 3 potions of ambrosia
 u - 4 potions of flight
 x - 3 potions of mutation
 A - 4 potions of brilliance {unknown}
 E - 2 potions of cancellation {unknown}
 G - 2 potions of lignification {unknown}
 N - 3 potions of might
 Q - a potion of magic {unknown}
 S - a potion of resistance {unknown}
 T - a potion of degeneration {unknown}
Comestibles
 f - 41 rations


   Skills:
 + Level 11.4 Fighting
 + Level 14.4 Axes
 + Level 13.3 Armour
 + Level 11.9 Dodging
 * Level 14.5 Shields
 * Level 17.0 Invocations


You had 15 spell levels left.
You didn't know any spells.
Your spell library contained the following spells:

 Spells                   Type           Power        Failure   Level  Hunger
 Animate Skeleton         Necr           N/A          86%         1    ##.....
 Apportation              Tloc           #.....       86%         1    ##.....
 Confusing Touch          Hex            #.....       86%         1    ##.....
 Shock                    Conj/Air       #...         86%         1    ##.....
 Summon Small Mammal      Summ           #...         86%         1    ##.....
 Swiftness                Chrm/Air       #.......     94%         2    ###....
 Confuse                  Hex            #.......     99%         3    ####...
 Gell's Gravitas          Tloc           #.........   99%         3    ####...
 Static Discharge         Conj/Air       #.......     99%         3    ####...
 Airstrike                Air            #.........   100%        4    #####..
 Cause Fear               Hex            #.........   100%        4    #####..
 Petrify                  Tmut/Erth      #.......     100%        4    #####..
 Lightning Bolt           Conj/Air       #.........   100%        5    ######.
 Metabolic Englaciation   Hex/Ice        #.........   100%        5    ######.
 Silence                  Hex/Air        #.........   100%        5    ######.
 Yara's Violent Unravell  Hex/Tmut       #.........   100%        5    ######.
 Deflect Missiles         Chrm/Air       #.........   100%        6    #######
 Invisibility             Hex            #.......     100%        6    #######
 Simulacrum               Ice/Necr       #.........   100%        6    #######
 Discord                  Hex            #.........   100%        8    #######


Dungeon Overview and Level Annotations

Branches:
Dungeon (11/15)            Temple (1/1) D:5            Lair (6/6) D:9
 Shoals (4/4) Lair:2        Snake (4/4) Lair:4        Slime (2/5) Lair:5
Gauntlet (visited)
    Orc: D:9-12

Altars:
Ashenzari
Cheibriados
Dithmenos
Elyvilon
Fedhas
Gozag
Hepliaklqana
Kikubaaqudgha
Makhleb
Nemelex Xobeh
Okawaru
Qazlal
Ru
Sif Muna
Trog
Uskayaw
Vehumet
Wu Jian
Xom
Yredelemnul
Zin
The Shining One

Shops:
D:4 ?   D:11 (   Shoals:3 ?   Snake:4 (?%}}

Portals:
Ice
Cave: Shoals:4

Annotations:
D:10 Maurice
Shoals:1 Frances
Shoals:3 3 runed translucent doors, xzight's ghost, adept MiBe
Shoals:4 exclusion: ice statue


Innate Abilities, Weirdness & Mutations

You are resistant to damage.
You can heal yourself by infusing magical energy.
You resist negative energy. (rN+)
You passively map the area around you.
You do not regenerate.
You are frail. (-10% HP)
You sometimes yell uncontrollably at your foes.


Message History

The splash of acid misses you. The acid blob barely misses you.
You feel much better. The azure jelly hits you. The azure jelly freezes you!!
* * * LOW HITPOINT WARNING * * *
You block the azure jelly's attack. The azure jelly hits you.
The azure jelly closely misses you.
Two slime creatures merge to form an enormous slime creature.
Two slime creatures merge to form a titanic slime creature.
A slime creature comes into view. x2
You block the acid blob's attack. The acid blob hits you!!
* * * LOW HITPOINT WARNING * * *
You are splashed with acid.
You resist.
* * * LOW HITPOINT WARNING * * *
A slime creature comes into view.
Unknown command.
A demon appears!
You block the azure jelly's attack. x2
The azure jelly hits you but does no damage.
The azure jelly hits you.
* * * LOW HITPOINT WARNING * * *
The acid blob hits you!!
You die...

* * *....... .....
, .............##*
, *
#.......#.J.J.#J *,
* ...........J.J.J,
, ..........>JJ..#
,, ,
,...#.......J.... *
* ,
,........J......# *
* #....#.JJJ2.#.##
*.#..#..J@.....# *
...............#*
,....#.........## *
**.###..#.........,
#.............,, *
##...........#
##..........# ,
##.##.##.... ,**
##* ## ... * *


You could see 2 acid blobs, an azure jelly, a titanic slime creature, 10 slime
creatures and a friendly green death.

Vanquished Creatures
  An acid blob (Slime:1)
  Kirke (Shoals:4)
  A nagaraja (Snake:4)
  Aizul (Snake:4)
  Louise (Snake:2)
  A minotaur (Gauntlet)
  3 merfolk javelineers
  2 merfolk impalers (Shoals:4)
  A hydra (Lair:2)
  11 naga warriors
  6 anacondas
  An alligator snapping turtle (Shoals:2)
  2 two-headed ogres
  3 merfolk avatars
  A centaur warrior (D:11)
  2 satyrs
  A merfolk aquamancer (Shoals:4)
  4 death yaks (Lair:6)
  17 naga sharpshooters
  2 shock serpents (Snake:3)
  Sonja (D:10)
  4 salamander mystics
  3 sea snakes
  A glowing orange brain (Gauntlet)
  5 naga ritualists
  A wizard (Gauntlet)
  An unseen horror (D:11)
  18 harpies
  4 fauns
  6 mana vipers
  6 manticores
  2 guardian serpents
  2 cyclopes
  11 salamanders
  An ugly thing (Gauntlet)
  3 elephants (Lair:6)
  26 black mambas
  5 merfolk sirens
  3 water nymphs
  13 naga magi
  A minotaur zombie (Gauntlet)
  4 spiny frogs
  2 rime drakes (Lair:6)
  5 komodo dragons
  2 trolls (D:9)
  9 merfolk
  4 polar bears
  2 wind drakes
  A hornet (D:10)
  Grinder (D:6)
  4 blink frogs (Lair:6)
  4 snapping turtles
  7 hippogriffs
  4 dream sheep (Shoals:3)
  A meliai zombie (D:10)
  11 yaks
  A shadow (D:11)
  2 wyverns (Lair:6)
  5 hogs (Shoals:4)
  A water elemental (Shoals:4)
  A wraith (D:11)
  A basilisk (Lair:5)
  Menkaure (D:7)
  56 nagas
  Edmund (D:5)
  An acid dragon (D:11)
  10 water moccasins
  8 orc warriors
  6 porcupines
  6 sky beasts
  A necrophage (D:6)
  3 ice beasts
  An eye of draining (D:11)
  6 wolves (Lair:6)
  4 black bears
  7 ogres
  7 crocodiles
  5 centaurs
  Blork the orc (D:5)
  2 gnoll sergeants
  13 bullfrogs
  A wyvern zombie (D:7)
  2 scorpions
  5 killer bees (D:11)
  3 howler monkeys (D:9)
  3 wights (D:11)
  A vampire bat (Lair:1)
  2 bullfrog zombies
  A crimson imp (D:6)
  A centaur zombie (D:6)
  2 bullfrog skeletons
  4 orc priests
  2 centaur skeletons
  3 hounds
  15 orc wizards
  3 iguanas
  Natasha (D:2)
  Ijyb (D:5)
  9 worker ants
  A hound zombie (D:11)
  A hound skeleton (D:6)
  A worker ant zombie (D:5)
  8 gnolls
  6 adders
  A howler monkey skeleton (D:7)
  3 shadow imps (Gauntlet)
  3 white imps (Gauntlet)
  An ooze (D:2)
  An adder skeleton (D:4)
  2 worms
  3 dart slugs
  A leopard gecko (D:10)
  46 orcs
  13 bats
  7 giant cockroaches
  5 goblins
  10 hobgoblins
  2 jackals (D:11)
  6 kobolds
  4 quokkas
  A ball python (D:3)
  6 frilled lizards
  A quokka skeleton (D:7)
  5 rats
  A fire vortex (Lair:2)
  A fungus (Lair:5)
  9 plants
598 creatures vanquished.

Vanquished Creatures (collateral kills)
  Vashnia (Snake:2)
  An acid blob (Slime:2)
  7 nagarajas
  3 naga warriors
  A merfolk aquamancer (Shoals:4)
  2 death yaks (Lair:6)
  A shock serpent (Snake:4)
  2 naga sharpshooters (Snake:4)
  A sea snake (Lair:6)
  A salamander mystic (Snake:2)
  A wizard (Gauntlet)
  A naga ritualist (Snake:4)
  A mana viper (Snake:4)
  An ugly thing (Gauntlet)
  A salamander (Snake:4)
  A shining eye (Slime:2)
  3 black mambas
  4 elephants (Lair:6)
  A naga mage (Snake:4)
  3 spiny frogs (Lair:6)
  A rime drake (Lair:6)
  A komodo dragon (Lair:6)
  A hornet (Lair:6)
  A wind drake (Lair:6)
  2 polar bears (Lair:6)
  A hippogriff (Lair:6)
  10 nagas (Snake:4)
  An ice beast (D:10)
  7 crocodiles (Lair:6)
  A plant (Lair:6)
63 creatures vanquished.

Vanquished Creatures (others)
  A great orb of eyes (Slime:2)
  A sea snake (Shoals:4)
  A wizard (D:6)
  2 fauns
  A merfolk siren (Shoals:1)
  A water nymph (Shoals:4)
  4 merfolk
  2 wind drakes (Shoals:4)
  A snapping turtle (Shoals:4)
  A hippogriff (Shoals:1)
  2 humans (Shoals:4)
  A water elemental (Shoals:4)
  A naga (Snake:3)
  8 demonic plants (Gauntlet)
  15 fungi
  6 plants
48 creatures vanquished.

Grand Total: 709 creatures vanquished

Notes
Turn   | Place    | Note
-------+----------+-------------------------------------------
     0 | D:1      | Illumine the Deep Dwarf Fighter began the quest for the
                  | Orb.
     0 | D:1      | Reached XP level 1. HP: 20/20 MP: 1/1
    72 | D:1      | Reached XP level 2. HP: 24/27 MP: 2/2
   409 | D:2      | Reached XP level 3. HP: 24/34 MP: 3/3
   439 | D:2      | Reached XP level 4. HP: 30/42 MP: 4/4
   548 | D:2      | Noticed Natasha
   556 | D:2      | Killed Natasha
  1008 | D:4      | Noticed a phantom
  1058 | D:3      | Reached XP level 5. HP: 31/49 MP: 4/4
  1396 | D:4      | Found Xelaorun's Magic Scroll Emporium.
  1436 | D:5      | Entered Level 5 of the Dungeon
  1444 | D:5      | Noticed Blork the orc
  1453 | D:5      | Killed Blork the orc
  1536 | D:5      | Got a jewelled leather armour
  1539 | D:5      | Identified the +3 leather armour of Ximofag {rF- rN+ Regen+
                  | MP+9} (You found it on level 5 of the Dungeon)
  1652 | D:5      | Found a sparkling altar of Nemelex Xobeh.
  1755 | D:5      | Reached XP level 6. HP: 48/57 MP: 5/5
  1823 | D:5      | Found a staircase to the Ecumenical Temple.
  1865 | Temple   | Entered the Ecumenical Temple
  1964 | Temple   | Became a worshipper of Makhleb the Destroyer
  2006 | D:5      | Got an ichor-stained cloak
  2007 | D:5      | Identified the +1 cloak "Ladghum" {MP+9 Str+8 Int-4 Stlth+}
                  | (You found it on level 5 of the Dungeon)
  2052 | D:5      | Reached skill level 5 in Axes
  2061 | D:5      | Noticed Ijyb
  2067 | D:5      | Killed Ijyb
  2068 | D:5      | Noticed a sky beast
  2096 | D:5      | Killed a sky beast
  2096 | D:5      | Reached XP level 7. HP: 19/64 MP: 6/6
  2156 | D:5      | Reached skill level 5 in Armour
  2157 | D:5      | Noticed Edmund
  2174 | D:5      | Killed Edmund
  2174 | D:5      | Reached skill level 5 in Shields
  2514 | D:6      | Reached XP level 8. HP: 47/73 MP: 6/6
  2535 | D:6      | Reached * piety under Makhleb
  2536 | D:6      | Found a bloodstained altar of Trog.
  2667 | D:6      | Reached skill level 5 in Fighting
  3009 | D:6      | Noticed Grinder
  3026 | D:6      | Killed Grinder
  3170 | D:6      | Noticed a wizard
  3176 | D:6      | Killed a wizard
  3244 | D:7      | Gained mutation: You passively map the area around you.
                  | [Deep Dwarf growth]
  3244 | D:7      | Reached XP level 9. HP: 58/81 MP: 7/7
  3270 | D:7      | Reached ** piety under Makhleb
  3517 | D:7      | Noticed Menkaure
  3529 | D:7      | Killed Menkaure
  4376 | D:8      | Reached skill level 10 in Axes
  5189 | D:9      | Noticed a two-headed ogre
  5194 | D:9      | Reached skill level 1 in Invocations
  5199 | D:9      | Killed a two-headed ogre
  5199 | D:9      | Reached skill level 1 in Dodging
  5199 | D:9      | Reached skill level 2 in Invocations
  5199 | D:9      | Reached XP level 10. HP: 54/92 MP: 9/9
  5364 | D:9      | Reached *** piety under Makhleb
  5377 | D:9      | Reached skill level 3 in Invocations
  5453 | D:9      | You fall into a shaft and drop 2 floors!
  5510 | D:11     | Killed an unseen horror
  5510 | D:11     | Reached skill level 4 in Invocations
  5608 | D:11     | Noticed a two-headed ogre
  5613 | D:11     | Killed a two-headed ogre
  5620 | D:11     | Reached **** piety under Makhleb
  5672 | D:11     | Reached skill level 5 in Dodging
  5691 | D:11     | Reached XP level 11. HP: 68/100 MP: 12/12
  5743 | D:11     | Noticed a centaur warrior
  5756 | D:11     | Killed a centaur warrior
  5756 | D:11     | Reached skill level 5 in Invocations
  6032 | D:11     | Found Qetadd's Antique Weapon Emporium.
  6166 | D:10     | Entered Level 10 of the Dungeon
  6166 | D:10     | Noticed Sonja
  6176 | D:10     | Killed Sonja
  6224 | D:10     | Noticed Maurice
  6269 | D:9      | Found a staircase to the Lair.
  6280 | Lair:1   | Entered Level 1 of the Lair of Beasts
  6352 | Lair:1   | Reached ***** piety under Makhleb
  6352 | Lair:1   | Reached skill level 6 in Invocations
  6493 | Lair:2   | Reached skill level 7 in Invocations
  6549 | Lair:2   | Identified 3 scrolls of acquirement
  6569 | Lair:2   | Got a twitching steel amulet
  6588 | Lair:2   | Noticed a seven-headed hydra
  6591 | Lair:2   | Found a staircase to the Shoals.
  6601 | Lair:2   | Killed a seven-headed hydra
  6618 | Lair:2   | Got a warped scale mail
  6881 | Lair:3   | Reached XP level 12. HP: 81/110 MP: 15/15
  6984 | Lair:3   | Reached skill level 8 in Invocations
  8009 | Lair:4   | Found a staircase to the Snake Pit.
  8342 | Lair:4   | Identified the amulet "Giddai" {Faith *Contam rC+ Int+6
                  | Stlth+} (You acquired it on level 2 of the Lair of Beasts)
  8343 | Lair:4   | Identified the +3 scale mail of Panentheism {+Blink rPois
                  | rN++ Dex-4} (You found it on level 2 of the Lair of Beasts)
  8396 | Snake:1  | Entered Level 1 of the Snake Pit
  8480 | Lair:5   | Found a gate leading to a gauntlet.
  8493 | Gauntlet | Entered a Gauntlet
  8493 | Gauntlet | Found a transporter.
  8502 | Gauntlet | Found a transporter.
  8505 | Gauntlet | Found a transporter.
  8509 | Gauntlet | Found a transporter.
  8510 | Gauntlet | Found a transporter.
  8510 | Gauntlet | Found a transporter.
  8511 | Gauntlet | Found a large runed translucent door.
  8512 | Gauntlet | Found a large runed translucent door.
  8563 | Gauntlet | Found a large runed translucent door.
  8564 | Gauntlet | Found a large runed translucent door.
  8565 | Gauntlet | Got a translucent golden ring
  8567 | Gauntlet | Identified the Grimoire of Lethal Hexes
  8574 | Gauntlet | Found a runed translucent door.
  8574 | Gauntlet | Found a runed translucent door.
  8574 | Gauntlet | Found a large runed translucent door.
  8574 | Gauntlet | Found a large runed translucent door.
  8574 | Gauntlet | Found a large runed translucent door.
  8574 | Gauntlet | Found a large runed translucent door.
  8574 | Gauntlet | Found a large runed translucent door.
  8574 | Gauntlet | Found a large runed translucent door.
  8575 | Gauntlet | Found a large runed translucent door.
  8575 | Gauntlet | Found a large runed translucent door.
  8576 | Gauntlet | Found a large runed translucent door.
  8576 | Gauntlet | Found a large runed translucent door.
  8576 | Gauntlet | Found a large runed translucent door.
  8576 | Gauntlet | Found a large runed translucent door.
  8577 | Gauntlet | Found a runed translucent gate.
  8577 | Gauntlet | Found a runed translucent gate.
  8577 | Gauntlet | Found a runed translucent gate.
  8578 | Gauntlet | Found a transporter.
  8593 | Gauntlet | Reached skill level 10 in Armour
  8594 | Gauntlet | Reached skill level 9 in Invocations
  8600 | Gauntlet | Got a slimy platinum ring
  8619 | Gauntlet | Noticed a minotaur
  8632 | Gauntlet | Killed a minotaur
  8632 | Gauntlet | Reached skill level 10 in Shields
  8637 | Gauntlet | Found the +4 robe of Augmentation {Str+4 Int+4 Dex+4}
  9062 | Lair:5   | Found a staircase to the Slime Pits.
  9381 | Lair:6   | Entered Level 6 of the Lair of Beasts
  9382 | Lair:6   | Noticed a death yak
  9390 | Lair:6   | Noticed a death yak
  9390 | Lair:6   | Noticed a death yak
  9391 | Lair:6   | Noticed a death yak
  9392 | Lair:6   | Noticed a death yak
  9396 | Lair:6   | Noticed a death yak
  9396 | Lair:6   | Reached skill level 10 in Invocations
  9416 | Lair:6   | Killed a death yak
  9423 | Lair:6   | Killed a death yak
  9423 | Lair:6   | Killed a death yak
  9424 | Lair:6   | Killed a death yak
  9431 | Lair:6   | Killed a death yak
  9431 | Lair:6   | Reached XP level 13. HP: 53/120 MP: 18/18
  9555 | Lair:6   | Reached skill level 11 in Invocations
 10309 | Snake:1  | Reached skill level 12 in Invocations
 10636 | Snake:2  | Noticed a nagaraja
 10647 | Snake:2  | Killed a nagaraja
 10651 | Snake:2  | Noticed Vashnia
 10666 | Snake:2  | Gained mutation: You resist negative energy. (rN+) [Deep
                  | Dwarf growth]
 10666 | Snake:2  | Reached XP level 14. HP: 44/130 MP: 3/20
 10687 | Snake:2  | Reached skill level 13 in Invocations
 10711 | Snake:2  | Killed Vashnia
 10735 | Snake:2  | Noticed a nagaraja
 10748 | Snake:2  | HP: 5/130 [salamander/+0 halberd (12)]
 10760 | Snake:2  | Killed a nagaraja
 10763 | Snake:2  | Reached skill level 10 in Fighting
 10767 | Snake:2  | Noticed Louise
 10779 | Snake:2  | Killed Louise
 10785 | Snake:2  | Reached skill level 10 in Dodging
 10798 | Snake:2  | Identified the ring of Abstinence {Wiz rElec Int+2 Slay+2
                  | Stlth+} (You found it in a Gauntlet)
 10958 | Snake:2  | Reached skill level 14 in Invocations
 11115 | Snake:2  | Identified the ring "Potizxea" {rElec rN++ EV+3} (You found
                  | it in a Gauntlet)
 12190 | Snake:4  | Entered Level 4 of the Snake Pit
 12190 | Snake:4  | Noticed a nagaraja
 12199 | Snake:4  | Noticed a nagaraja
 12204 | Snake:4  | Killed a nagaraja
 12214 | Snake:4  | Killed a nagaraja
 12221 | Snake:4  | Reached XP level 15. HP: 92/140 MP: 15/15
 12288 | Snake:4  | Noticed a nagaraja
 12296 | Snake:4  | Killed a nagaraja
 12329 | Snake:4  | Noticed a nagaraja
 12332 | Snake:4  | Noticed a nagaraja
 12339 | Snake:4  | Killed a nagaraja
 12347 | Snake:4  | Killed a nagaraja
 12347 | Snake:4  | Reached skill level 15 in Invocations
 12453 | Snake:4  | HP: 5/140 [naga warrior/+0 halberd (1)]
 12453 | Snake:4  | HP: 2/140 [naga mage/poison arrow (3)]
 12466 | Snake:4  | Found Waineip's Gadget Shop.
 12496 | Snake:4  | Found Pebiq's Gadget Shop.
 12496 | Snake:4  | Found Cuelodank's Magic Scroll Shop.
 12499 | Snake:4  | Found Voefoud's Food Shop.
 12513 | Snake:4  | Bought a scroll of enchant weapon for 97 gold pieces
 12513 | Snake:4  | Bought a scroll of enchant weapon for 97 gold pieces
 12515 | Snake:4  | Bought a scroll of enchant armour for 97 gold pieces
 12530 | Snake:4  | Found Vadappuk's Antique Weapon Shop.
 12544 | Snake:4  | Bought a scorched war axe for 195 gold pieces
 12688 | Snake:4  | Noticed Aizul
 12714 | Snake:4  | Killed Aizul
 13052 | Snake:4  | Noticed a nagaraja
 13177 | Snake:4  | Killed a nagaraja
 13207 | Snake:4  | Got a serpentine rune of Zot
 13422 | Shoals:1 | Entered Level 1 of the Shoals
 13538 | Shoals:2 | Identified the +10 war axe of Dishonesty {distort, rPois
                  | rF+ Int+2} (You bought it in a shop on level 4 of the Snake
                  | Pit)
 13733 | Shoals:3 | Found a runed translucent gate.
 13733 | Shoals:3 | Found a runed translucent gate.
 13733 | Shoals:3 | Found a runed translucent gate.
 13733 | Shoals:3 | Noticed xzight's ghost (adept MiBe)
 13795 | Shoals:3 | Found Sybeaj's Magic Scroll Shoppe.
 13803 | Shoals:3 | Reached skill level 16 in Invocations
 13812 | Shoals:3 | Reached ****** piety under Makhleb
 13837 | Shoals:3 | Bought a scroll of acquirement for 728 gold pieces
 13838 | Shoals:3 | Got a heavily runed chain mail
 13849 | Shoals:3 | Identified the +1 chain mail "Qaekko" {-Cast +Inv rF+ MR+
                  | Dex+2} (You acquired it on level 3 of the Shoals)
 13895 | Shoals:3 | Reached XP level 16. HP: 77/150 MP: 14/14
 14058 | Shoals:4 | Entered Level 4 of the Shoals
 14140 | Shoals:4 | Noticed Kirke
 14162 | Shoals:4 | Noticed a sphinx
 14162 | Shoals:4 | Killed Kirke
 14419 | Shoals:4 | Found a frozen archway.
 14504 | Shoals:4 | Got a barnacled rune of Zot
 14666 | Shoals:1 | Noticed Frances
 14859 | Slime:1  | Entered Level 1 of the Pits of Slime
 15027 | Slime:1  | Noticed an acid blob
 15037 | Slime:1  | Killed an acid blob
 15042 | Slime:2  | Noticed an acid blob
 15042 | Slime:2  | Noticed an acid blob
 15047 | Slime:2  | Gained mutation: You occasionally shout uncontrollably at
                  | your foes. [a shining eye]
 15048 | Slime:2  | Gained mutation: You are frail. (-10% HP) [a shining eye]
 15050 | Slime:2  | Noticed an acid blob
 15057 | Slime:2  | Banished an acid blob
 15057 | Slime:2  | Reached skill level 17 in Invocations
 15058 | Slime:2  | HP: 4/135 [acid (6)]
 15058 | Slime:2  | Gained mutation: You sometimes yell uncontrollably at your
                  | foes. [a shining eye]
 15058 | Slime:2  | Noticed an acid blob
 15062 | Slime:2  | Killed an acid blob
 15066 | Slime:2  | Demolished by an acid blob

Levels and vault maps discovered:
D:1:      giann_bridges, layout_basic
D:2:      layout_basic, first_ration, uniq_natasha
D:3:      layout_basic
D:4:      layout_basic, portal_sewer_entry_e, serial_shops,
          nicolae_shop_waterfront
D:5:      layout_basic, nemelex_altar_shiori, minmay_temple_entry_mist,
          uniq_edmund, uniq_blork_the_orc, uniq_ijyb
D:6:      layout_gridville, trog_wizard, uniq_grinder
D:7:      layout_loops_ring, grunt_ogre_cave, uniq_menkaure
D:8:      layout_layer_cave
D:9:      layout_loops_ring, grunt_lair_entry_orc_guard_hut, david_orc_1_choice,
          lightli_minifort
D:10:     layout_rooms, minmay_misc_feat_four_crosses,
          nicolae_qazlal_eye_of_the_storm, uniq_maurice, uniq_sonja, uniq_snorg
D:11:     layout_basic, serial_shops, kennysheep_little_box
Temple:   kilobyte_greek_temple
Lair:1:   layout_hall_layers, special_room [special_room_bee], roderic_batcave
Lair:2:   layout_gridlike, minmay_shoals_entry_centaurs, basic_altar,
          zaba_antful_of_joy
Lair:3:   layout_layer_cave, infiniplex_staircase_pool, lemuel_fruit_tree
Lair:4:   layout_cave_pods, guppyfry_snake_entry_garden, grunt_megastairs_2
Lair:5:   layout_loops_ring, slime_dummy, gauntlet_entry_generic,
          lemuel_old_faithful
Lair:6:   gammafunk_lair_ancient_temple, layout_regular_city
Shoals:1: layout_shoals, uniq_frances
Shoals:2: layout_shoals, nicolae_shoals_loop_pool, uniq_polyphemus
Shoals:3: cheibrodos_shoals_oceanic_diplomacy, layout_shoals,
          ebering_ghost_rock_garden, serial_shops, shop
Shoals:4: shoals_end_simple, layout_shoals,
          portal_ice_cave_entry_ice_statue_one, uniq_kirke
Snake:1:  layout_gridlike, uniq_josephine
Snake:2:  layout_misc_corridors, uniq_louise, uniq_vashnia
Snake:3:  layout_layer_cave, eino_curves_02
Snake:4:  minmay_snake_end_coiled, layout_cave_town, serial_shops,
          nicolae_shop_stone, minmay_shop_grid_forest,
          nicolae_snake_round_shape_thing, uniq_aizul
Slime:1:  layout_caves, cheibrodos_slime_lost_civilization_6
Slime:2:  layout_caves

Skill      XL: |  1  2  3  4  5  6  7  8  9 10 11 12 13 14 15 16 |
---------------+-------------------------------------------------+-----
Fighting       | 3 4 5 6 7 8 9 10 11 | 11.4
Axes           | 3 4 5 6 8 10 11 12 13 14 | 14.4
Armour         | 4 5 6 8 9 10 11 12 13 | 13.3
Shields        | 4 5 6 7 8 9 10 11 12 13 14 | 14.5
Invocations    | 2 4 7 10 12 14 16 17 | 17.0
Dodging        | 1 5 7 8 9 10 11 | 11.9

Action                   |  1- 3 |  4- 6 |  7- 9 | 10-12 | 13-15 | 16-18 || total
-------------------------+-------+-------+-------+-------+-------+-------++-------
Melee: War axe           |    81 |   113 |       |       |    76 |   242 ||   512
       Hand axe          |       |    57 |   272 |   619 |   838 |       ||  1786
       Flail             |       |       |       |     8 |       |       ||     8
Invok: Minor Destruction |       |       |       |     3 |       |       ||     3
       Lesser Servant of |       |       |       |    12 |    12 |       ||    24
       Greater Servant o |       |       |       |       |     4 |     4 ||     8
 Abil: Heal Wounds       |     1 |     3 |     4 |     5 |    40 |    15 ||    68
Evoke: Wand              |       |       |       |       |       |     2 ||     2
  Use: Scroll            |       |     4 |       |    10 |    21 |     3 ||    38
       Potion            |       |     1 |       |       |     5 |       ||     6
 Stab: Distracted        |       |       |       |       |     9 |       ||     9
       Invisible         |       |       |       |       |     5 |       ||     5
       Sleeping          |       |       |       |       |     1 |       ||     1
  Eat: Chunk             |       |     4 |     9 |     8 |     6 |     4 ||    31
       Ration            |       |       |       |     2 |     3 |       ||     5
Armor: Scale mail        |    40 |    34 |       |    44 |   228 |       ||   346
       Chain mail        |       |    34 |    69 |   228 |    20 |   111 ||   462
       Plate armour      |       |       |    32 |       |       |       ||    32
Dodge: Dodged            |    30 |    37 |    41 |   220 |   393 |   178 ||   899
Block: Shield            |    45 |    82 |   123 |   375 |   314 |       ||   939
       Large shield      |       |       |       |       |   669 |   467 ||  1136
